 Dungeon Sprint DCSS version 0.29.1-15-g9cfb28693d (webtiles) character file.

Game seed: 11392247355085696995

4 Ast3rio the Reanimator (level 5, 0/26 (28) HPs)
             Began as a Deep Elf Necromancer on Mar 15, 2023.
             Was an Initiate of Gozag.
             Slain by a necrophage (6 damage)
             ... in the Dungeon (Sprint VI: "Thunderdome").
             The game lasted 00:01:40 (160 turns).

Ast3rio the Reanimator (Deep Elf Necromancer)        Turns: 160, Time: 00:01:40

HP:   0/26 (28)     AC:  2    Str:  5    XL:     5   Next: 41%
MP:   10/15         EV: 13    Int: 22    God:    Gozag
Gold: 453           SH:  0    Dex: 15    Spells: 15/16 levels left

rFire   . . .      SeeInvis .   (no weapon)
rCold   . . .      Faith    .   (no shield)
rNeg    . . .      Spirit   .   a - +0 robe
rPois   .          Reflect  .   (no helmet)
rElec   .          Harm     .   (no cloak)
rCorr   .          Rampage  .   (no gloves)
Will    .....      NoTele   +   (no boots)
Stlth   +++.......              (no amulet)
HPRegen 0.08/turn               (no ring)
MPRegen 0.14/turn               (no ring)

@: drained
A: no striking features
a: Renounce Religion, Potion Petition, Call Merchant, Bribe Branch


You were in the Dungeon.
You worshipped Gozag.
Gozag was aware of your devotion.
You visited 1 branch You collected 453 gold pieces.

Inventory:

Armour
 a - a +0 robe (worn)
Wands
 i - a wand of acid (5)
 j - a wand of iceblast (5)
Scrolls
 g - 4 scrolls of blinking
 k - 3 scrolls of butterflies
Potions
 b - 3 potions of magic
 c - a potion of curing
 d - 4 potions of heal wounds
 e - 4 potions of haste
 f - a potion of berserk rage
 h - a potion of resistance


   Skills:
 + Level 4.2 Dodging
 + Level 3.8 Stealth
 + Level 6.2 Spellcasting
 + Level 12.4 Necromancy


You had 15 spell levels left.
You knew the following spells:

 Your Spells              Type           Power      Damage    Failure   Level
a - Necrotise             Necr           100%       1d9       1%          1

Your spell library contained the following spells:

 Spells                   Type           Power      Damage    Failure   Level
 Vampiric Draining        Necr           58%        2d10      1%          3
 Agony                    Necr           58%        N/A       1%          5
 Animate Dead             Necr           Unusable   N/A       N/A         4

Dungeon Overview and Level Annotations

Branches:
Dungeon (1/1)

Altars:
Cheibriados
Dithmenos
Fedhas
Gozag
Kikubaaqudgha
Makhleb
Okawaru
Qazlal
Ru
Sif Muna
Trog
Uskayaw
Vehumet
Wu Jian
Xom
Yredelemnul
Zin
The Shining One
Lugonu

Shops:
D *[??*?*:[((!!!!


Message History

Casting: Necrotise (safe; 1% risk of failure)
Confirm with . or Enter, or press ? or * to list all spells.
You don't know that spell.
Casting: Necrotise (safe; 1% risk of failure)
Confirm with . or Enter, or press ? or * to list all spells.
You can't see any susceptible monsters within range! (Use Z to cast anyway.)
Casting: Necrotise (safe; 1% risk of failure)
Confirm with . or Enter, or press ? or * to list all spells.
You don't know that spell.
Casting: Necrotise (safe; 1% risk of failure)
Confirm with . or Enter, or press ? or * to list all spells.
You can't see any susceptible monsters within range! (Use Z to cast anyway.)
Casting: Necrotise (safe; 1% risk of failure)
Confirm with . or Enter, or press ? or * to list all spells.
Aiming: Necrotise (safe; 1% risk of failure)
Press: ? - help, Shift-Dir - straight line, f - necrophage
Aim: a necrophage (not susceptible)
The necrophage is unaffected.
The necrophage hits you.
You barely miss the necrophage. The necrophage hits you.
You closely miss the necrophage. The necrophage barely misses you.
You closely miss the necrophage. The necrophage misses you.
You hit the necrophage but do no damage.
The necrophage hits you but does no damage.
You barely miss the necrophage. The necrophage closely misses you.
You hit the necrophage but do no damage.
The necrophage barely misses you.
You barely miss the necrophage. The necrophage misses you.
You hit the necrophage but do no damage.
The necrophage hits you.
You feel drained.
* * * LOW HITPOINT WARNING * * *
You hit the necrophage but do no damage.
The necrophage closely misses you.
You barely miss the necrophage. The necrophage closely misses you.
You barely miss the necrophage. The necrophage hits you.
* * * LOW HITPOINT WARNING * * *
You feel drained.
You hit the necrophage but do no damage.
The necrophage hits you.
You die...
Your body crumbles into a pile of gold.

#_......._
###.........
#⌠.[........
######.8.........
##.___......###...
###∩......).8.# #.8.
##.............###...
#⌠..........###...###
#⌠.n@.......# #.<.# #
#⌠..........###...###
##.............###...
###∩........8.# #.8.
##∩__.......###...
######.8.........
#⌠..........
###.........
#_......._


You could see a necrophage.

Vanquished Creatures
  Sigmund (D)
  Jessica (D)
  An orc (D)
  A ball python (D)
4 creatures vanquished.

Notes
Turn   | Place    | Note
-------+----------+-------------------------------------------
     0 | D        | Ast3rio the Deep Elf Necromancer began the quest for the
                  | Orb.
     0 | D        | Reached XP level 1. HP: 10/10 MP: 6/6
     3 | D        | Found a burning altar of Makhleb.
     3 | D        | Found a hide-covered altar of Uskayaw.
     4 | D        | Found a blossoming altar of Fedhas.
     4 | D        | Found a shimmering blue altar of Sif Muna.
     5 | D        | Found a sacrificial altar of Ru.
     5 | D        | Found a shimmering altar of Xom.
     5 | D        | Round 1.
     6 | D        | Found a bloodstained altar of Trog.
     6 | D        | Found Ykkidgh's Magic Scroll Shop.
     6 | D        | Found Samik's Staff Store.
     7 | D        | Found Rukkeh's Magic Scroll Shop.
     7 | D        | Found Orerr's Must-Have Magic.
    11 | D        | Found an ornate altar of the Wu Jian Council.
    12 | D        | Found an iron altar of Okawaru.
    13 | D        | Found Taujut's Distillery.
    13 | D        | Found an opulent altar of Gozag.
    13 | D        | Found a snail-covered altar of Cheibriados.
    13 | D        | Found a stormy altar of Qazlal.
    13 | D        | Found Titiw's Do-It-Yourself Clinic.
    14 | D        | Found Pemaf's Distillery.
    14 | D        | Found Roemid's Bottled Wisdom.
    18 | D        | Found a radiant altar of Vehumet.
    22 | D        | Became a worshipper of Gozag Ym Sagoz the Greedy
    25 | D        | Found a glowing silver altar of Zin.
    25 | D        | Found a corrupted altar of Lugonu.
    25 | D        | Found Fukuugiyji's Weapon Rack.
    25 | D        | Found Zeicakil's Basic Armour.
    26 | D        | Found Ipiastu's Miscellaneous Merchandise.
    27 | D        | Found a basalt altar of Yredelemnul.
    27 | D        | Found a shadowy altar of Dithmenos.
    27 | D        | Found Qeungeeck's Premium Goods.
    27 | D        | Noticed Sigmund
    36 | D        | Killed Sigmund
    37 | D        | Reached skill level 5 in Spellcasting
    37 | D        | Reached skill level 11 in Necromancy
    37 | D        | Reached XP level 2. HP: 7/15 MP: 1/10
    37 | D        | Reached XP level 3. HP: 9/19 MP: 1/12
    37 | D        | Reached XP level 4. HP: 12/24 MP: 1/13
    37 | D        | Reached XP level 5. HP: 14/28 MP: 1/15
    72 | D        | Found a glowing golden altar of the Shining One.
    74 | D        | Found Lef Apsoe's Identification Station.
    75 | D        | Found an ancient bone altar of Kikubaaqudgha.
    76 | D        | Found Emeipnik's Advanced Armour.
    76 | D        | Found Titz's Jewellery.
    93 | D        | Noticed Jessica
    97 | D        | Killed Jessica
    98 | D        | Reached skill level 12 in Necromancy
   102 | D        | Arena points: 4 (+4) [x1]
   117 | D        | Round 2.
   160 | D        | Slain by a necrophage

Illustrated notes

Levels and vault maps discovered:
D:        arena_sprint

Skill      XL: |  1  2  3  4  5 |
---------------+----------------+-----
Dodging        | 4 |  4.2
Stealth        | 3 |  3.8
Spellcasting   | 5 6 |  6.2
Necromancy     | 11 12 | 12.4

Action                   |  1- 3 |  4- 6 || total
-------------------------+-------+-------++-------
Melee: Unarmed           |       |    15 ||    15
 Cast: Necrotise         |     5 |     8 ||    13
Armor: Robe              |       |     1 ||     1
Dodge: Dodged            |     1 |     8 ||     9
